 Dungeon Crawl Stone Soup version 0.30-a0-605-gb2882149bf (webtiles) character file.

Game seed: 10837438121295881559

97 bjtr the Digger (level 4, -7/24 HPs)
             Began as a Gargoyle Earth Elementalist on Jan 7, 2023.
             Killed by divine providence
             ... invoked by an orc priest
              (13 damage)
             ... on level 4 of the Dungeon.
             The game lasted 00:10:03 (2737 turns).

bjtr the Digger (Gargoyle Earth Elementalist)       Turns: 2737, Time: 00:10:04

Health: -7/24      AC:  6    Str: 11    XL:     4   Next: 68%
Magic:  15/16      EV: 11    Int: 18    God:
Gold:   207        SH:  3    Dex: 10    Spells: 2/8 levels left

rFire   . . .      SeeInvis .    a - +2 flail (drain)
rCold   . . .      Faith    .    q - +0 buckler
rNeg    + . .      Spirit   .    A - +0 robe
rPois   ∞          Reflect  .    (no helmet)
rElec   +          Harm     .    (no cloak)
rCorr   .          Rampage  .    (no gloves)
Will    .....                    s - +0 pair of boots
Stlth   ++                       (no amulet)
HPRegen 0.24/turn                g - ring of magical power
MPRegen 0.15/turn                (no ring)

@: no status effects
A: sickness immunity, AC +3, negative energy resistance 1, electricity
resistance, torment resistance 1, petrification resistance
a: no special abilities


You were on level 4 of the Dungeon.
You visited 1 branch of the dungeon, and saw 4 of its levels.

You collected 207 gold pieces.

Inventory:

Hand Weapons
 a - a +2 flail of draining (weapon)
 c - a +0 dagger
 r - a +4 mace
Missiles
 d - 18 stones
 j - 6 boomerangs
 k - 2 poisoned darts
Armour
 i - a +0 tower shield
 q - a +0 buckler (worn)
 s - a +0 pair of boots (worn)
 A - a +0 robe (worn)
 C - a +0 leather armour
Jewellery
 g - a ring of magical power (left hand)
 u - an amulet of magic regeneration
 w - a ring of ice
 x - an amulet of regeneration
Wands
 y - a wand of flame (10)
Scrolls
 e - a scroll of teleportation
 h - a scroll of blinking {unknown}
 l - a scroll of summoning {unknown}
 o - a scroll of fear {unknown}
 p - a scroll of silence
 B - a scroll of vulnerability {unknown}
 D - a scroll of poison {unknown}
Potions
 b - 2 potions of magic
 m - a potion of curing
 n - a potion of degeneration
 t - a potion of invisibility
 v - 2 potions of heal wounds
 z - a potion of attraction


   Skills:
 + Level 0.3 Fighting
 + Level 1.6 Dodging
 + Level 2.3 Stealth
 + Level 2.6 Spellcasting
 * Level 1.3 Conjurations
 - Level 0.7 Transmutations
 * Level 5.3 Earth Magic


You had 2 spell levels left.
You knew the following spells:

 Your Spells              Type           Power      Damage    Failure   Level
a - Sandblast             Erth           42%        2d11      2%          1
b - Passwall              Tmut/Erth      10%        N/A       10%         2
c - Stone Arrow           Conj/Erth      28%        3d8       17%         3

Your spell library contained the following spells:

 Spells                   Type           Power      Damage    Failure   Level
 Petrify                  Tmut/Erth      13%        N/A       54%         4


Dungeon Overview and Level Annotations

Branches:
Dungeon (4/15)
 Temple: D:4-7

Altars:


Innate Abilities, Weirdness & Mutations

You are immune to sickness and miasma.
Your stone body is resilient. (AC +3)
You are immune to poison.
You resist negative energy. (rN+)
You are resistant to electric shocks. (rElec)
You are resistant to unholy torment.
You are immune to petrification.


Message History

As you read the scroll labelled ZIET MEYDOKU, it crumbles to dust.
You feel strangely unstable.
It was a scroll of teleportation.
As you read the scroll labelled NUARIO EZXOA, it crumbles to dust.
A profound silence engulfs you.
It was a scroll of silence.
You climb upwards.
Your surroundings suddenly seem different.
You start waiting.
Your hearing returns.
You can't go down here!
There is a stone staircase leading down here.
You climb downwards.
The orc priest shouts!
The orc shouts! x2; You hear a shout!
Found a scroll labelled GANOHO TUBUG.
There is a stone staircase leading up here.
Casting: Sandblast (safe; 2% risk of failure)
Confirm with . or Enter, or press ? or * to list all spells.
The spell is extremely dangerous to miscast (17% risk of failure)!
Continue anyway?
Okay, then.
Unknown command.
Unknown command.
The orc shouts!
You climb upwards.
There is a stone staircase leading down here.
Casting: Stone Arrow (extremely dangerous; 17% risk of failure)
Confirm with . or Enter, or press ? or * to list all spells.
Aiming: Sandblast (safe; 2% risk of failure)
Press: ? - help, Shift-Dir - straight line, f - orc
Aim: an orc, wielding a +0 hand axe and wearing a +0 leather armour (83% to hit)
The blast of sand hits the orc!
You kill the orc!
You climb downwards.
The orc hits you with a +0 flail.
The orc hits you with a +1 whip of electrocution.
The orc priest invokes the aid of Beogh against you.
Beogh smites you!
* * * LOW HITPOINT WARNING * * *
The orc closely misses you.
The orc priest invokes the aid of Beogh against you.
Beogh smites you!
Ouch! That really hurt!
You die...

#+ #. ##.## #
#...# #.# #...#
...# . #...#
....#
....#..o#o....#
......o@.o....#
....######.?..#
. ... .


You could see an orc priest and 3 orcs.

Vanquished Creatures
  4 gnolls (D:2)
  An adder (D:3)
  A worm (D:3)
  A dart slug (D:1)
  5 orcs (D:3)
  8 endoplasms
  2 giant cockroaches
  6 goblins
  2 hobgoblins
  A kobold (D:1)
  4 bats
  2 frilled lizards
  3 rats
40 creatures vanquished.

Notes
Turn   | Place    | Note
-------+----------+-------------------------------------------
     0 | D:1      | bjtr the Gargoyle Earth Elementalist began the quest for
                  | the Orb.
     0 | D:1      | Reached XP level 1. HP: 10/10 MP: 3/3
   137 | D:1      | Reached skill level 4 in Earth Magic
   456 | D:1      | Reached XP level 2. HP: 15/15 MP: 5/5
   459 | D:1      | Learned a level 2 spell: Passwall
   742 | D:1      | Found a faded altar of an unknown god.
  1444 | D:2      | Reached skill level 1 in Conjurations
  1444 | D:2      | Reached XP level 3. HP: 17/19 MP: 6/6
  1450 | D:2      | Reached skill level 5 in Earth Magic
  1450 | D:2      | Reached XP level 4. HP: 23/24 MP: 4/7
  2202 | D:3      | Learned a level 3 spell: Stone Arrow
  2737 | D:4      | Killed from afar by an orc priest

Illustrated notes

Levels and vault maps discovered:
D:1:      saegor_arrival_fortress, layout_basic, nicolae_ecumenical_lake_church
D:2:      cheibrodos_old_hovel, layout_loops_corners
D:3:      layout_rooms
D:4:      layout_basic, minmay_temple_entry_poolview, uniq_menkaure,
          uniq_natasha, uniq_crazy_yiuf_cottage, uniq_sigmund

Skill      XL: |  1  2  3 |
---------------+----------+-----
Earth Magic    | 4 5 |  5.3
Conjurations   | 1 |  1.3
Fighting       | |  0.3
Dodging        | |  1.6
Stealth        | |  2.3
Spellcasting   | |  2.6
Transmutations | |  0.7

Action                   |  1- 3 |  4- 6 || total
-------------------------+-------+-------++-------
 Cast: Sandblast         |    41 |    18 ||    59
  Use: Scroll            |       |     7 ||     7
Armor: Robe              |     5 |       ||     5
Dodge: Dodged            |    10 |     1 ||    11

Table legend: (Time is in decaauts)
 A = Elapsed time spent in this place.
 B = Non-inter-level travel time spent in this place.
 C = Inter-level travel time spent in this place.
 D = Time resting spent in this place.
 E = Time spent auto-exploring this place.
 F = Levels seen in this place.
 G = Mean time per level.
                   A        B        C        D        E       F      G
               +--------+--------+--------+--------+--------+-----+--------+
         Total |   2767 |   2705 |     62 |    177 |   2139 |   4 |  691.8 |
       Dungeon |   2767 |   2705 |     62 |    177 |   2139 |   4 |  691.8 |
               +--------+--------+--------+--------+--------+-----+--------+

Top non-repeatable levels by time:
     D:1: 1213 daAuts
     D:2: 951 daAuts
     D:3: 592 daAuts
     D:4: 10 daAuts
